 Dungeon Crawl Stone Soup version 0.30-a0-414-gcb316572d5 (webtiles) character file.

Game seed: 12784356135040333552

18 McMuffin the Digger (level 2, 0/18 (19) HPs)
             Began as a Demonspawn Earth Elementalist on Dec 8, 2022.
             Killed by nerve-wracking pain
             ... invoked by Jessica
              (12 damage)
             ... on level 3 of the Dungeon.
             The game lasted 00:04:17 (488 turns).

McMuffin the Digger (Demonspawn Earth Elementalist)  Turns: 488, Time: 00:04:18

HP:   0/18 (19)     AC:  3    Str:  8    XL:     2   Next: 51%
MP:   4/5           EV: 12    Int: 16    God:
Gold: 15            SH:  0    Dex: 13    Spells: 2/5 levels left

rFire   . . .      SeeInvis .    f - +0 dagger (drain)
rCold   . . .      Faith    .    (no shield)
rNeg    . . .      Spirit   .    a - +0 robe
rPois   .          Reflect  .    e - +1 hat
rElec   .          Harm     .    (no cloak)
rCorr   .          Rampage  .    (no gloves)
Will    .....                    (no boots)
Stlth   ++........               (no amulet)
HPRegen 0.23/turn                (no ring)
MPRegen 0.09/turn                (no ring)

@: drained
A: antennae 1
a: no special abilities


You were on level 3 of the Dungeon.
You visited 1 branch of the dungeon, and saw 3 of its levels.

You collected 15 gold pieces.

Inventory:

Hand Weapons
 d - a +0 short sword
 f - a +0 dagger of draining (weapon)
Armour
 a - a +0 robe (worn)
 e - a +1 hat (worn)
Scrolls
 g - a scroll of identify {unknown}
Potions
 b - a potion of magic
 c - a potion of curing {unknown}
 h - a potion of ambrosia {unknown}


   Skills:
 + Level 2.1 Dodging
 + Level 1.8 Stealth
 + Level 2.2 Spellcasting
 + Level 0.8 Transmutations
 + Level 3.1 Earth Magic


You had 2 spell levels left.
You knew the following spells:

 Your Spells              Type           Power      Damage    Failure   Level
a - Sandblast             Erth           22%        2d7       5%          1
b - Passwall              Tmut/Erth      6%         N/A       14%         2

Your spell library contained the following spells:

 Spells                   Type           Power      Damage    Failure   Level
 Stone Arrow              Conj/Erth      12%        3d7       32%         3
 Petrify                  Tmut/Erth      8%         N/A       65%         4


Dungeon Overview and Level Annotations

Branches:
Dungeon (3/15)

Altars:

Annotations:
D:3 Jessica


Innate Abilities, Weirdness & Mutations

You have a pair of small antennae on your head.


Message History

a hobgoblin corpse; a kobold corpse You start resting.
Magic restored.
You start waiting.
Done waiting.
You sense an unholy aura.
f - a +0 dagger of draining (weapon)
Memorise Passwall, consuming 2 spell levels and leaving 2?
You start memorising the spell.
You continue memorising. x2
You finish memorising.
Spell assigned to 'b'.
Found a scroll labelled XUGERHUTOE.
g - a scroll labelled XUGERHUTOE
Casting: Sandblast (safe; 5% risk of failure)
Confirm with . or Enter, or press ? or * to list all spells.
Aiming: Passwall (safe; 14% risk of failure)
Press: ? - help, Dir - move target A rock wall.
You begin to meditate on the wall.
You continue meditating on the rock. x2
You finish merging with the rock.
Found a lumpy white potion.
Found a stone staircase leading down.
h - a lumpy white potion
Found a stone staircase leading up.
Okay, then.
There is a stone staircase leading down here.
You climb downwards.
There is a stone staircase leading up here.
Jessica the Apprentice Sorceress comes into view.
She is wielding a +0 dagger and carrying a wand of light (8).
Found 4 gold pieces.
Aiming: Sandblast (safe; 5% risk of failure)
Press: ? - help, Q - select action, (/) - cycle Shift-Dir - straight line, f - Jessica
Aim: Jessica, wielding a +0 dagger, wearing a +0 robe and carrying a wand of light (8) (82% to hit)
The blast of sand hits Jessica but does no damage.
Jessica mumbles some strange words.
Jessica seems to speed up.
Jessica hits you with a +0 dagger. Jessica gestures at you while chanting.
Pain shoots through your body!
Ouch! That really hurt!
You die...

#########
#....<..#
#.......#
#......@#
#.......@.#
...............
###.......#......
...........##...
..........### $.
........... .
#..#.....


You could see Jessica (fast).

Vanquished Creatures
  3 endoplasms (D:1)
  A giant cockroach (D:1)
  2 hobgoblins
  2 kobolds
  A quokka (D:1)
  2 ball pythons (D:1)
  2 bats (D:1)
  3 frilled lizards (D:1)
  A rat (D:1)
17 creatures vanquished.

Notes
Turn   | Place    | Note
-------+----------+-------------------------------------------
     0 | D:1      | McMuffin the Demonspawn Earth Elementalist began the quest
                  | for the Orb.
     0 | D:1      | Reached XP level 1. HP: 13/13 MP: 3/3
    66 | D:1      | Reached skill level 3 in Earth Magic
    79 | D:1      | Discovered your monstrous ancestry.
    79 | D:1      | Gained mutation: You have a pair of small antennae on your
                  | head. [demonic ancestry]
    79 | D:1      | Reached XP level 2. HP: 16/19 MP: 0/5
   424 | D:2      | Learned a level 2 spell: Passwall
   480 | D:3      | Noticed Jessica
   488 | D:3      | Killed from afar by Jessica

Illustrated notes

Levels and vault maps discovered:
D:1:      scummos_arrival_hexagon, layout_loops_ring, minmay_misc_feat_pillars
D:2:      layout_basic, shapermc_ecumenical_altar_starsandcircs,
          minmay_pentomino_s4
D:3:      layout_rooms, serial_shops, nicolae_shop_waterfront,
          guppyfry_early_orc_mine, uniq_grinder, uniq_ijyb, uniq_jessica,
          uniq_robin

Skill      XL: |  1  2 |
---------------+-------+-----
Earth Magic    | 3 |  3.1
Dodging        | 2 |  2.1
Stealth        | |  1.8
Spellcasting   | |  2.2
Transmutations | |  0.8

Action                   || total
-------------------------++-------
Melee: Short sword       ||    20
       Unarmed           ||     3
 Cast: Sandblast         ||    18
       Passwall          ||     1
Armor: Robe              ||     5
Dodge: Dodged            ||    17

Table legend: (Time is in decaauts)
 A = Elapsed time spent in this place.
 B = Non-inter-level travel time spent in this place.
 C = Inter-level travel time spent in this place.
 D = Time resting spent in this place.
 E = Time spent auto-exploring this place.
 F = Levels seen in this place.
 G = Mean time per level.
                   A        B        C        D        E       F      G
               +--------+--------+--------+--------+--------+-----+--------+
         Total |    495 |    495 |      0 |    133 |      0 |   3 |  165.0 |
       Dungeon |    495 |    495 |      0 |    133 |      0 |   3 |  165.0 |
               +--------+--------+--------+--------+--------+-----+--------+

Top non-repeatable levels by time:
     D:2: 251 daAuts
     D:1: 235 daAuts
     D:3: 9 daAuts
